 Dungeon Crawl Stone Soup version 0.29.1-2-gbd0b4ee654 (webtiles) character file.

Game seed: 8578194286411656957

1096 fleeber the Digger (level 8, -1/41 HPs)
             Began as a Gargoyle Earth Elementalist on Nov 24, 2022.
             Slain by an orc warrior
             ... wielding a +0 short sword
              (7 damage)
             ... on level 6 of the Dungeon.
             The game lasted 00:18:40 (6143 turns).

fleeber the Digger (Gargoyle Earth Elementalist)    Turns: 6143, Time: 00:18:41

Health: -1/41      AC:  8    Str: 11    XL:     8   Next: 31%
Magic:  12/16      EV: 11    Int: 19    God:
Gold:   380        SH:  0    Dex: 10    Spells: 16/17 levels left

rFire   . . .      SeeInvis .   g - +0 mace
rCold   . . .      Faith    .   (no shield)
rNeg    + . .      Spirit   .   a - +0 robe
rPois   ∞          Reflect  .   (no helmet)
rElec   +          Harm     .   s - +0 cloak
rCorr   .          Rampage  .   (no gloves)
Will    .....                   (no boots)
Stlth   ++........              y - amulet of regeneration
HPRegen 0.93/turn               (no ring)
MPRegen 0.15/turn               (no ring)

@: no status effects
A: sickness immunity, AC +5, negative energy resistance 1, electricity
resistance, torment resistance 1, petrification resistance
a: no special abilities


You were on level 6 of the Dungeon.
You visited 1 branch of the dungeon, and saw 6 of its levels.
You also visited: Sewer.

You collected 380 gold pieces.

Inventory:

Hand Weapons
 g - a +0 mace (weapon)
Missiles
 d - 44 stones
Armour
 a - a +0 robe (worn)
 s - a +0 cloak (worn)
Jewellery
 y - an amulet of regeneration (around neck)
Wands
 u - a wand of flame (18)
 x - a wand of polymorph (9)
 A - a wand of mindburst (19)
 B - a wand of light (7)
Scrolls
 c - a scroll of enchant armour
 e - 3 scrolls of poison
 f - a scroll of vulnerability {unknown}
 h - 3 scrolls of teleportation
 j - a scroll of identify
 k - 2 scrolls of magic mapping
 l - a scroll of amnesia {unknown}
 p - 2 scrolls of noise {unknown}
 t - a scroll of immolation {unknown}
 w - 2 scrolls of blinking
Potions
 b - a potion of magic
 i - a potion of haste {unknown}
 m - a potion of brilliance {unknown}
 n - 2 potions of lignification {unknown}
 o - 3 potions of heal wounds {unknown}
 q - a potion of curing {unknown}
 r - 3 potions of flight {unknown}
 v - a potion of degeneration {unknown}
 z - a potion of berserk rage


   Skills:
 - Level 1.5 Dodging
 - Level 2.1 Stealth
 + Level 5.3 Spellcasting
 + Level 4.5 Transmutations
 + Level 7.5 Earth Magic


You had 16 spell levels left.
You knew the following spells:

 Your Spells              Type           Power      Damage    Failure   Level
a - Sandblast             Erth           66%        2d15      1%          1

Your spell library contained the following spells:

 Spells                   Type           Power      Damage    Failure   Level
 Passwall                 Tmut/Erth      23%        N/A       1%          2
 Stone Arrow              Conj/Erth      38%        3d9       8%          3
 Petrify                  Tmut/Erth      28%        N/A       10%         4
 Shock                    Conj/Air       20%        1d4       12%         1
 Ensorcelled Hibernation  Hex/Ice        10%        N/A       19%         2
 Gell's Gravitas          Tloc           5%         N/A       34%         3
 Lesser Beckoning         Tloc           5%         N/A       34%         3
 Ozocubu's Armour         Ice            5%         N/A       34%         3
 Swiftness                Air            5%         N/A       34%         3
 Teleport Other           Tloc           5%         N/A       34%         3
 Airstrike                Air            2%         2d(1-17)  75%         4
 Metabolic Englaciation   Hex/Ice        2%         N/A       97%         5
 Simulacrum               Ice/Necr       2%         N/A       100%        6


Dungeon Overview and Level Annotations

Branches:
Dungeon (6/15)              Sewer (visited)
 Temple: D:4-7

Altars:
Kikubaaqudgha
Nemelex Xobeh
Uskayaw

Shops:
D:3 (

Annotations:
D:4 2 transporters, styxcanada's ghost, amateur SpBr


Innate Abilities, Weirdness & Mutations

You are immune to sickness and miasma.
Your stone body is resilient. (AC +5)
You are immune to poison.
You resist negative energy. (rN+)
You are resistant to electric shocks. (rElec)
You are resistant to unholy torment.
You are immune to petrification.


Message History

Press: ? - help, Shift-Dir - straight line, f - orc warrior
Aim: an orc warrior, wielding a +0 short sword and wearing a +0 chain mail (82% to hit)
The blast of sand hits the orc warrior!
The orc warrior is heavily wounded.
The orc warrior hits you with a +0 short sword!
Casting: Sandblast (safe; 1% risk of failure)
Confirm with . or Enter, or press ? or * to list all spells.
Aiming: Sandblast (safe; 1% risk of failure)
Press: ? - help, Shift-Dir - straight line, f/p - orc warrior
Aim: an orc warrior, wielding a +0 short sword and wearing a +0 chain mail (heavily wounded, 82% to hit)
The blast of sand hits the orc warrior but does no damage.
The orc warrior is heavily wounded.
The orc warrior hits you with a +0 short sword.
Casting: Sandblast (safe; 1% risk of failure)
Confirm with . or Enter, or press ? or * to list all spells.
Aiming: Sandblast (safe; 1% risk of failure)
Press: ? - help, Shift-Dir - straight line, f/p - orc warrior
Aim: an orc warrior, wielding a +0 short sword and wearing a +0 chain mail (heavily wounded, 82% to hit)
The blast of sand hits the orc warrior.
The orc warrior is heavily wounded.
The orc warrior hits you with a +0 short sword!
The orc warrior hits you with a +0 short sword.
Casting: Sandblast (safe; 1% risk of failure)
Confirm with . or Enter, or press ? or * to list all spells.
Aiming: Sandblast (safe; 1% risk of failure)
Press: ? - help, Shift-Dir - straight line, f/p - orc warrior
Aim: an orc warrior, wielding a +0 short sword and wearing a +0 chain mail (heavily wounded, 82% to hit)
The blast of sand hits the orc warrior.
The orc warrior is severely wounded.
The orc warrior closely misses you.
Casting: Sandblast (safe; 1% risk of failure)
Confirm with . or Enter, or press ? or * to list all spells.
Aiming: Sandblast (safe; 1% risk of failure)
Press: ? - help, Shift-Dir - straight line, f/p - orc warrior
Aim: an orc warrior, wielding a +0 short sword and wearing a +0 chain mail (severely wounded, 82% to hit)
The blast of sand misses the orc warrior.
The orc warrior hits you with a +0 short sword!
* * * LOW HITPOINT WARNING * * *
The orc warrior hits you with a +0 short sword!
You die...

## #. #. ####### #.
###########.....###.
#.o@......'.....'...
#o#########.....##..
##'### #.....##..
#....# ########..
#....# #.# #....#
#.# #.o..# #.#
########o...# #.#
...o...))...# #.


You could see an orc warrior and an orc (wandering).

Vanquished Creatures
  Pargi (Sewer)
  A phantom (D:5)
  A bullfrog (D:4)
  A necrophage (D:5)
  2 scorpions (D:5)
  A howler monkey (D:4)
  2 hounds (D:5)
  4 orc priests (D:6)
  3 iguanas
  4 orc wizards
  5 gnolls
  A river rat (D:5)
  11 adders
  6 worms
  5 dart slugs
  14 orcs
  9 bats
  9 endoplasms
  8 goblins
  8 hobgoblins
  3 jackals (D:2)
  5 kobolds
  6 quokkas
  3 ball pythons
  5 frilled lizards
  7 rats
125 creatures vanquished.

Vanquished Creatures (others)
  A withered plant (D:4)
1 creature vanquished.

Grand Total: 126 creatures vanquished

Notes
Turn   | Place    | Note
-------+----------+-------------------------------------------
     0 | D:1      | fleeber the Gargoyle Earth Elementalist began the quest for
                  | the Orb.
     0 | D:1      | Reached XP level 1. HP: 10/10 MP: 3/3
   203 | D:1      | Reached skill level 1 in Transmutations
   244 | D:1      | Reached skill level 4 in Earth Magic
   244 | D:1      | Reached XP level 2. HP: 11/15 MP: 0/5
   529 | D:1      | Found a faded altar of an unknown god.
   624 | D:1      | Reached XP level 3. HP: 19/19 MP: 3/6
  1107 | D:2      | Found a hide-covered altar of Uskayaw.
  1414 | D:2      | Reached XP level 4. HP: 24/24 MP: 5/8
  2553 | D:3      | Reached XP level 5. HP: 28/28 MP: 6/9
  2691 | D:3      | Reached skill level 5 in Earth Magic
  2717 | D:3      | Found Tinuit's Antique Weapon Boutique.
  3205 | D:3      | Found a sparkling altar of Nemelex Xobeh.
  3556 | D:4      | Found an ancient bone altar of Kikubaaqudgha.
  3702 | D:4      | Found a transporter.
  3724 | D:4      | Reached XP level 6. HP: 28/32 MP: 6/11
  3852 | D:4      | Found a transporter.
  3862 | D:4      | Noticed styxcanada's ghost (amateur SpBr)
  4100 | D:5      | Entered Level 5 of the Dungeon
  4330 | D:5      | Reached skill level 6 in Earth Magic
  4392 | D:5      | Reached XP level 7. HP: 34/36 MP: 9/13
  4450 | D:5      | Found a glowing drain.
  4461 | Sewer    | Entered a sewer
  4606 | Sewer    | Noticed Pargi
  4611 | Sewer    | Killed Pargi
  5448 | D:5      | Reached skill level 5 in Spellcasting
  5448 | D:5      | Reached skill level 7 in Earth Magic
  5448 | D:5      | Reached XP level 8. HP: 41/41 MP: 12/15
  6143 | D:6      | Slain by an orc warrior

Illustrated notes

Levels and vault maps discovered:
D:1:      dpeg_arrival_snail, layout_loops_ring,
          hellmonk_ecumenical_altar_run_dry
D:2:      layout_basic, basic_altar, serial_forest, infiniplex_forest_corner_2,
          infiniplex_forest_clump_small, infiniplex_forest_corner_1,
          infiniplex_forest_zigzag_1
D:3:      layout_basic, nemelex_spade_bored_becter, serial_shops,
          nicolae_shop_stone, minivault_19, minmay_starry_boxes
D:4:      layout_loops_cross, kiku_gazebo_garden_becter, gammafunk_ghost_arena
D:5:      layout_basic, gup_sewer_entry_bubbles, kennysheep_boxes
D:6:      layout_basic, mainiacjoe_overflow_alcove_1

Skill      XL: |  1  2  3  4  5  6  7 |
---------------+----------------------+-----
Transmutations | 1 2 3 4 |  4.5
Earth Magic    | 4 5 6 7 |  7.5
Spellcasting   | 3 4 5 |  5.3
Dodging        | |  1.5
Stealth        | |  2.1

Action                   |  1- 3 |  4- 6 |  7- 9 || total
-------------------------+-------+-------+-------++-------
Melee: Unarmed           |     2 |       |       ||     2
       Mace              |     5 |       |    10 ||    15
 Cast: Sandblast         |    42 |   102 |    85 ||   229
  Use: Scroll            |       |     6 |       ||     6
Armor: Robe              |     5 |    13 |    14 ||    32
Dodge: Dodged            |    10 |    24 |    21 ||    55
